 Dungeon Crawl Stone Soup version 0.30-a0-782-ge64f9170bb (webtiles) character file.

Game seed: 9072203000848645576

973 Mgcat the Covered (level 7, -2/64 HPs)
             Began as an Armataur Fighter on Feb 21, 2023.
             Killed from afar by a steam dragon (19 damage)
             ... with a ball of steam
             ... on level 5 of the Dungeon.
             The game lasted 00:06:46 (5023 turns).

Mgcat the Covered (Armataur Fighter)                Turns: 5023, Time: 00:06:47

Health: -2/64      AC:  9    Str: 24    XL:     7   Next: 94%
Magic:  7/7        EV:  5    Int:  8    God:
Gold:   237        SH:  8    Dex:  9    Spells: 6/6 levels left

rFire   . . .      SeeInvis .    a - +0 war axe
rCold   . . .      Faith    .    v - +0 kite shield
rNeg    . . .      Spirit   .    x - +0 chain mail
rPois   .          Reflect  .    (no helmet)
rElec   .          Harm     .    (no cloak)
rCorr   .          Roll     +    (no gloves)
Will    .....                    (no barding) Stlth
                                 (no amulet)
HPRegen 0.30/turn                (no ring)
MPRegen 0.10/turn                (no ring)

@: hasted, studying Staves, very quick
A: large, rugged brown scales 3, deformed body, armoured tail, roll, long
tongue, awkward tongue
a: no special abilities


You were on level 5 of the Dungeon.
You visited 1 branch of the dungeon, and saw 5 of its levels.

You collected 237 gold pieces.

Inventory:

Hand Weapons
 a - a +0 war axe (weapon)
Armour
 v - a +0 kite shield (worn)
   (You found it on level 4 of the Dungeon)
 x - a +0 chain mail (worn)
   (You took it off Edmund on level 4 of the Dungeon)
Wands
 c - a wand of polymorph (15)
   (You found it on level 4 of the Dungeon)
 n - a wand of mindburst (16)
   (You found it on level 3 of the Dungeon)
Scrolls
 d - a scroll of noise {unknown}
 f - 2 scrolls of identify {unknown}
 g - 4 scrolls of teleportation
 h - a scroll of fog {unknown}
 k - a scroll of blinking {unknown}
 l - a scroll of poison {unknown}
 m - a scroll of enchant weapon {unknown}
 o - 2 scrolls of fear {unknown}
 s - a scroll of acquirement {unknown}
 w - a scroll of torment {unknown}
Potions
 b - a potion of lignification {unknown}
 e - a potion of ambrosia {unknown}
 i - 2 potions of flight {unknown}
 j - 3 potions of curing
 p - a potion of resistance {unknown}
 q - a potion of brilliance {unknown}
 r - a potion of attraction {unknown}
 t - 3 potions of haste
 u - a potion of berserk rage {unknown}


   Skills:
 + Level 4.5 Fighting
 * Level 5.0 Axes
 + Level 6.1 Armour
 + Level 5.5 Shields


You had 6 spell levels left.
You didn't know any spells.
Your spell library contained the following spells:

 Spells                   Type           Power      Damage    Failure   Level
 Call Canine Familiar     Summ           0%         N/A       100%        3
 Portal Projectile        Hex/Tloc       0%         N/A       100%        3
 Leda's Liquefaction      Hex/Erth       0%         N/A       100%        4
 Alistair's Intoxication  Tmut/Pois      0%         N/A       100%        5
 Borgnjor's Vile Clutch   Necr/Erth      0%         N/A       100%        5
 Eringya's Noxious Bog    Tmut/Pois      0%         N/A       100%        6


Dungeon Overview and Level Annotations

Branches:
Dungeon (5/15)
 Temple: D:4-7

Altars:
Kikubaaqudgha
Nemelex Xobeh
Ru
Trog
Xom
Zin


Innate Abilities, Weirdness & Mutations

You are completely covered in rugged brown scales. (AC +3, +7% HP)
Armour fits poorly on your strangely shaped body.
You have a long armoured tail.
You roll when moving toward enemies. (Rampage)
Your long tongue fully drains potion bottles. (2x potion effects)
Your tongue gives you trouble enunciating. (1.5x scroll delay)


Message History

The orc wizard is moderately wounded.
The orc wizard hits you but does no damage.
Spoiler Alert: The orc wizard might cast Slow, Confuse, Throw Flame, Throw Frost, or go Invisible!
You barely miss the orc wizard.
The orc wizard is moderately wounded.
You hit the orc. You block the orc wizard's attack.
The orc hits you but does no damage. x2; You block the orc wizard's attack.
Spoiler Alert: The orc wizard might cast Slow, Confuse, Throw Flame, Throw Frost, or go Invisible!
You closely miss the orc.
The orc is severely wounded.
You closely miss the orc wizard.
The orc wizard hits you but does no damage.
The orc barely misses you.
Spoiler Alert: The orc wizard might cast Slow, Confuse, Throw Flame, Throw Frost, or go Invisible!
You closely miss the orc.
The orc is severely wounded.
You slash the orc wizard!
The orc wizard hits you but does no damage.
The orc hits you with a +0 club.
You take 2 damage, and have 62/64 hp.
Spoiler Alert: The orc wizard might cast Slow, Confuse, Throw Flame, Throw Frost, or go Invisible!
You barely miss the orc wizard.
Your tail-slap misses the orc wizard.
The orc wizard is almost dead.
You barely miss the orc.
The orc wizard points at you and mumbles some strange words.
The magic dart hits you. The orc hits you with a +0 club.
The orc wizard points at you and mumbles some strange words.
The magic dart hits you. You block the orc's attack.
You take 9 damage, and have 53/64 hp.
Spoiler Alert: The orc wizard might cast Slow, Confuse, Throw Flame, Throw Frost, or go Invisible!
You hit the orc wizard.
You kill the orc wizard!
You hit the orc.
You kill the orc!
You closely miss the orc. The orc hits you but does no damage.
You closely miss the orc.
Your tail-slap misses the orc.
You block the orc's attack. The orc hits you but does no damage.
You slash the orc!
You kill the orc!
No target in view!
No target in view!
No target in view!
No target in view!
HP restored.
There is an open door, spattered with blood here.
Items here: ))) [[ †.
You open the door.
A steam dragon comes into view.
The steam dragon hisses angrily.
Health restored: 64 Spoiler Alert: The steam dragon breathes balls of steam!
You roll towards the steam dragon!
The steam dragon breathes steam at you. The ball of steam hits you.
You take 5 damage, and have 59/64 hp.
No target in view!
No target in view!
No target in view!
No target in view!
Spoiler Alert: The steam dragon (catching breath) breathes balls of steam!
Lua error: [string "/dgldir/rcfiles/crawl-git/Mgcat.rc"]:930: invalid capture index You hit the steam dragon.
The steam dragon is lightly wounded.
The steam dragon bites you.
The steam dragon claws you but does no damage.
You take 3 damage, and have 56/64 hp.
Spoiler Alert: The steam dragon breathes balls of steam!
You closely miss the steam dragon. You tail-slap the steam dragon.
The steam dragon is moderately wounded.
The steam dragon bites you. The steam dragon closely misses you.
The steam dragon bites you. You block the steam dragon's attack.
You take 12 damage, and have 44/64 hp.
You are too injured to fight recklessly!
Spoiler Alert: The steam dragon breathes balls of steam!
You are too injured to fight recklessly!
You are too injured to fight recklessly!
You are too injured to fight recklessly!
You hit the steam dragon.
The steam dragon is heavily wounded.
The steam dragon bites you but does no damage.
The steam dragon claws you but does no damage.
Spoiler Alert: The steam dragon breathes balls of steam!
You hit the steam dragon.
Your tail-slap misses the steam dragon.
The steam dragon is heavily wounded.
You block the steam dragon's attack. x2
You barely miss the steam dragon. You tail-slap the steam dragon.
The steam dragon is heavily wounded.
The steam dragon breathes steam at you. The ball of steam hits you!!
* * * LOW HITPOINT WARNING * * *
You block the steam dragon's attack. The steam dragon barely misses you.
You take 27 damage, and have 18/64 hp.
MASSIVE DAMAGE!!
Spoiler Alert: The steam dragon breathes balls of steam!
You slurp down every last drop of the 4 silvery potions!
It was a potion of haste.
You feel yourself speed up.
You are engulfed in a cloud of scalding steam.
* * * LOW HITPOINT WARNING * * *
The steam dragon breathes steam at you. The ball of steam hits you!!
You die...

#####..........#.........>.......
#...#..........#.................
#...#))........#.................
#...'..........#.................
##'##....#######.................
.........# #..###....##......
.........# #§####....##......
.........# #§§..#.....#......
.........# #@§..#.....#......
.........# #D§.##.(...#......
.........# #...###+####......
.........# #...# ..^......# #...#
#####....# $...# # #....# ....# #
#....# ###+# # #....#


You could see a steam dragon (catching breath).

Vanquished Creatures
  Sigmund (D:4)
  Edmund (D:4)
  An ogre (D:4)
  A gnoll sergeant (D:5)
  A scorpion (D:5)
  3 wights (D:4)
  A jelly (D:4)
  Ijyb (D:4)
  An iguana (D:5)
  2 orc wizards
  4 adders
  7 gnolls
  A shadow imp (D:5)
  2 worms (D:2)
  2 dart slugs
  9 orcs
  6 bats
  3 endoplasms
  4 giant cockroaches
  3 goblins (D:1)
  5 hobgoblins
  7 jackals (D:1)
  6 quokkas
  5 ball pythons
  4 frilled lizards
  5 kobolds
  6 rats
92 creatures vanquished.

Vanquished Creatures (others)
  2 plants (D:4)
2 creatures vanquished.

Grand Total: 94 creatures vanquished

Notes
Turn   | Place    | Note
-------+----------+-------------------------------------------
     0 | D:1      | Mgcat the Armataur Fighter began the quest for the Orb.
     0 | D:1      | Reached XP level 1. HP: 19/19 MP: 1/1
   174 | D:1      | Reached XP level 2. HP: 15/26 MP: 2/2
   271 | D:1      | HP: 6/26 [gnoll/+0 club (4)]
   271 | D:1      | HP: 2/26 [gnoll/+0 club (4)]
   273 | D:1      | Reached skill level 2 in Axes
   479 | D:1      | Reached skill level 4 in Armour
   482 | D:1      | Reached XP level 3. HP: 32/32 MP: 3/3
   779 | D:1      | Reached skill level 3 in Fighting
  1566 | D:2      | Reached XP level 4. HP: 40/40 MP: 4/4
  1750 | D:3      | Reached skill level 4 in Shields
  1888 | D:3      | Found a sacrificial altar of Ru.
  2156 | D:3      | Noticed an angel
  2157 | D:3      | Found a glowing silver altar of Zin.
  2532 | D:4      | Noticed Ijyb
  2547 | D:4      | Paralysed by Ijyb for 2 turns
  2552 | D:4      | Killed Ijyb
  2553 | D:4      | Reached skill level 3 in Axes
  2553 | D:4      | Reached XP level 5. HP: 21/48 MP: 5/5
  2912 | D:4      | Noticed Edmund
  3028 | D:4      | Found a bloodstained altar of Trog.
  3179 | D:4      | Found a shimmering altar of Xom.
  3404 | D:4      | Found a sparkling altar of Nemelex Xobeh.
  3452 | D:4      | Noticed Sigmund
  3460 | D:4      | Killed Sigmund
  3461 | D:4      | Reached skill level 5 in Armour
  3461 | D:4      | Reached XP level 6. HP: 55/55 MP: 6/6
  3475 | D:5      | Entered Level 5 of the Dungeon
  3497 | D:4      | Reached skill level 4 in Axes
  3607 | D:4      | Reached skill level 4 in Fighting
  3611 | D:4      | Reached XP level 7. HP: 17/62 MP: 7/7
  3765 | D:5      | HP: 8/62 [ogre/+0 giant spiked club (20)]
  3770 | D:4      | HP: 9/62 [orc/+0 short sword (1)]
  3967 | D:4      | Reached skill level 5 in Shields
  4423 | D:4      | Killed Edmund
  4613 | D:5      | Reached skill level 6 in Armour
  4685 | D:5      | Reached skill level 5 in Axes
  4827 | D:5      | Found an ancient bone altar of Kikubaaqudgha.
  5014 | D:5      | Noticed a steam dragon
  5023 | D:5      | HP: 16/64 [steam dragon] (2)]
  5023 | D:5      | Killed from afar by a steam dragon

Illustrated notes

Levels and vault maps discovered:
D:1:      dpeg_arrival_leaves_temple_mockup, layout_basic, hex_large
D:2:      minmay_evil_eye, layout_basic
D:3:      layout_rooms, old_standard_altar, zin_angel
D:4:      minmay_general_purpose_star, layout_loops_ring,
          nicolae_overflow_squiral, nemelex_dance_club_becter,
          sigmund_edmund_badplayer, uniq_ijyb
D:5:      layout_gridville, mainiacjoe_overflow_six_doors_small

Skill      XL: |  1  2  3  4  5  6  7 |
---------------+----------------------+-----
Axes           | 2 3 4 5 |  5.0
Armour         | 4 5 6 |  6.1
Fighting       | 3 4 |  4.5
Shields        | 4 5 |  5.5

Action                     |  1- 3 |  4- 6 |  7- 9 || total
---------------------------+-------+-------+-------++-------
  Melee: War axe           |   135 |   120 |    65 ||   320
         Tailslap          |     9 |    11 |     4 ||    24
  Evoke: Wand              |       |       |     5 ||     5
    Use: Potion            |       |     2 |     1 ||     3
         Scroll            |       |       |     1 ||     1
   Stab: Paralysed         |       |       |     4 ||     4
 Armour: Scale mail        |    83 |    67 |     7 ||   157
         Chain mail        |       |       |    16 ||    16
  Dodge: Dodged            |    54 |    41 |    20 ||   115
  Block: Buckler           |    28 |    11 |       ||    39
         Kite shield       |       |    23 |    24 ||    47

Table legend: (Time is in decaauts)
 A = Elapsed time spent in this place.
 B = Non-inter-level travel time spent in this place.
 C = Inter-level travel time spent in this place.
 D = Time resting spent in this place.
 E = Time spent auto-exploring this place.
 F = Levels seen in this place.
 G = Mean time per level.
                   A        B        C        D        E       F      G
               +--------+--------+--------+--------+--------+-----+--------+
         Total |   5161 |   5026 |    135 |    961 |   3223 |   5 | 1032.2 |
       Dungeon |   5161 |   5026 |    135 |    961 |   3223 |   5 | 1032.2 |
               +--------+--------+--------+--------+--------+-----+--------+

Top non-repeatable levels by time:
     D:4: 1974 daAuts
     D:1: 1106 daAuts
     D:5: 841 daAuts
     D:2: 674 daAuts
     D:3: 565 daAuts

Table legend:
 A = Kills in this place as a percentage of kills in entire the game.
 B = Kills by you in this place as a percentage of kills by you in the entire game.
 C = Kills by friends in this place as a percentage of kills by friends in the entire game.
 D = Other kills in this place as a percentage of other kills in the entire game.
 E = Experience gained in this place as a percentage of experience gained in the entire game.
 F = Experience gained in this place divided by the number of levels of this place that you have seen.
                   A       B       C       D       E      F
               +-------+-------+-------+-------+-------+----------------------
         Total | 100.0 | 100.0 |   N/A |   N/A | 100.0 | 278.2
       Dungeon | 100.0 | 100.0 |   N/A |   N/A | 100.0 | 278.2
               +-------+-------+-------+-------+-------+----------------------
